 Dungeon Crawl Stone Soup version 0.20-a0-1039-gf554463 (webtiles) character file.

102 graki42 the Slasher (level 4, -11/61 HPs)
             Began as a Minotaur Berserker on Apr 23, 2017.
             Was a Believer of Trog.
             Mangled by Crazy Yiuf
             ... wielding a +3 quarterstaff of chaos
              (18 damage)
             ... on level 2 of the Dungeon.
             The game lasted 00:02:55 (1222 turns).

graki42 the Slasher (Minotaur Berserker)            Turns: 1222, Time: 00:02:57

Health: -11/61     AC:  9    Str: 26    XL:     4   Next: 49%
Magic:  3/3        EV:  9    Int:  5    God:    Trog [**....]
Gold:   85         SH:  0    Dex: 10    Spells: 3/3 levels left

rFire    . . .     SeeInvis .   a - +0 falchion
rCold    . . .     Gourm    .   (no shield)
rNeg     . . .     Faith    .   d - +0 chain mail
rPois    .         Spirit   .   (helmet restricted)
rElec    .         Reflect  .   (no cloak)
rCorr    .         Harm     .   (no gloves)
MR       .....                  (no boots)
Stlth    ..........             (no amulet)
Regen    0.2/turn               (no ring)
MPRegen  0.1/turn               (no ring)

@: berserking (expiring), lethally poisoned (-11 -> -17), drained, very quick
A: retaliatory headbutt, horns 2
a: Berserk, Trog's Hand, Burn Spellbooks, Renounce Religion


You were on level 2 of the Dungeon.
You worshipped Trog.
Trog was pleased with you.
You were hungry.

You visited 1 branch of the dungeon, and saw 2 of its levels.

You collected 85 gold pieces.

Inventory:

Hand Weapons
 a - a +0 falchion (weapon)
Armour
 b - a +0 animal skin
 d - a +0 chain mail (worn)
Scrolls
 e - a scroll of identify {unknown}
 f - 3 scrolls of amnesia {unknown}
 g - a scroll of enchant armour {unknown}
 j - a scroll of blinking {unknown}
Potions
 h - 2 potions of heal wounds {unknown}
 k - 2 potions of curing
 m - a potion of lignification {unknown}
Comestibles
 c - 2 bread rations
 i - a royal jelly
 l - a meat ration


   Skills:
 + Level 4.7(4.5) Fighting
 + Level 4.8(4.6) Long Blades
 + Level 3.0(2.8) Armour
 + Level 2.7(2.5) Dodging
 + Level 0.1(0.0) Stealth


You had 3 spell levels left.
You didn't know any spells.

Dungeon Overview and Level Annotations

Branches:
Dungeon (2/15)

Altars:

Annotations:
D:2 Crazy Yiuf


Innate Abilities, Weirdness & Mutations

You reflexively headbutt those who attack you in melee.
You have a pair of horns on your head.


Message History

Crazy Yiuf hits you with a quarterstaff of chaos.
You suddenly lose the ability to move!
Crazy Yiuf hits you but does no damage.
You feel drained.
Crazy Yiuf hits you with a quarterstaff of chaos.
You are poisoned.
You feel sick.
Crazy Yiuf hits you with a quarterstaff of chaos.
You can move again.
You closely miss Crazy Yiuf.
Crazy Yiuf is heavily wounded.
You feel sick.
Crazy Yiuf hits you with a quarterstaff of chaos!
* * * LOW HITPOINT WARNING * * *
You hit Crazy Yiuf. Your headbutt misses Crazy Yiuf.
Crazy Yiuf is severely wounded.
You feel sick.
Crazy Yiuf hits you with a quarterstaff of chaos!
* * * LOW HITPOINT WARNING * * *
You are electrocuted!
You die...

#.##............).....##...#
#.##..###########(.....#####
#.##..# #.....## ####..#
##### #..(.## ##.# #..)#
#...(# ### #...# #...(# ...
####÷# #g# #.## ♣♣@♣ #..## #
♣.♣♣ #####..##### ♣♣.♣
#........... ♣.♣♣
#.########## ♣♣.♣♣ #.#
♣.P.♣♣ #.# ♣)PPP♣ #.# ##..##
#.# #....####.#


You could see Crazy Yiuf.

Vanquished Creatures
  Terence (D:2)
  3 adders (D:2)
  2 oozes (D:1)
  A dart slug (D:1)
  11 bats
  3 giant cockroaches
  2 goblins (D:1)
  5 hobgoblins
  A quokka (D:2)
  2 frilled lizards
  7 kobolds
  2 rats
40 creatures vanquished.

Notes
Turn   | Place    | Note
-------+----------+-------------------------------------------
     0 | D:1      | graki42 the Minotaur Berserker began the quest for the Orb.
     0 | D:1      | Reached XP level 1. HP: 19/19 MP: 0/0
    81 | D:1      | Reached XP level 2. HP: 24/27 MP: 1/1
   366 | D:1      | Reached XP level 3. HP: 29/33 MP: 2/2
   465 | D:2      | Reached ** piety under Trog
   580 | D:2      | Noticed Terence
   591 | D:2      | Killed Terence
   723 | D:2      | Reached XP level 4. HP: 33/41 MP: 3/3
  1207 | D:2      | Found a runed door.
  1211 | D:2      | Noticed Crazy Yiuf
  1216 | D:2      | Paralysed by Crazy Yiuf for 4 turns
  1222 | D:2      | Mangled by Crazy Yiuf

Vault maps used:
D:1:      grunt_arrival_crossed_arrows, kennysheep_pointless_box
D:2:      kennysheep_six_static_rooms, amethyst_killhole, nrook_uturn,
          uniq_crazy_yiuf_cottage, uniq_terence

Skill      XL: |  1  2  3  4 |
---------------+-------------+-----
Fighting       | 4 |  4.7
Long Blades    | 4 |  4.8
Armour         | 3 |  3.0
Dodging        | |  2.7
Stealth        | |  0.1

Action                   |  1- 3 |  4- 6 || total
-------------------------+-------+-------++-------
Melee: Falchion          |    58 |    33 ||    91
       Headbutt          |    10 |     1 ||    11
Invok: Berserk           |     1 |     1 ||     2
  Use: Potion            |     1 |       ||     1
  Eat: Chunk             |       |     2 ||     2
Armor: Animal skin       |    15 |       ||    15
       Chain mail        |     3 |    17 ||    20
Dodge: Dodged            |    35 |    14 ||    49
       Rpst.: Falchion   |     8 |     3 ||    11
